[Event "Titled Tuesday Blitz August 1 Early 2023"]
[White "Kazakov, Mikhail"]
[Black "Joshi, Pankaj"]
[WhiteFideId "14102749"]
[BlackFideId "5006210"]
[WhiteElo "2464"]
[BlackElo "2267"]
[Result "1-0"]
[Round "4"]
[TimeControl "180+1"]
[Date "2023.08.01"]
[WhiteClock "0:00:03"]
[BlackClock "0:00:14"]
[Board "190"]

1. d4 Nf6 2. c4 g6 3. Nc3 Bg7 4. Bg5 O-O 5. e3 c5 6. d5 d6 7. Nf3 Qa5 8. Bd3 b5 9. O-O bxc4 10. Bxc4 Ba6 11. Nd2 Qb4 12. Qb3 Bxc4 13. Nxc4 a5 14. Nb6 Ra6 15. Nba4 Nbd7 16. Qc2 Qg4 17. Bxf6 Nxf6 18. Rad1 Rb8 19. b3 Nd7 20. h3 Qb4 21. Ne2 Nb6 22. Nxb6 Raxb6 23. Rb1 Qa3 24. Ng3 a4 25. bxa4 Rb2 26. Rxb2 Rxb2 27. Qe4 Bf6 28. Qg4 Qxa4 29. Qxa4 Kg7 30. Ne4 Be5 31. Qd7 Rb4 32. Ng5 Bf6 33. Nf3 Rb2 34. a4 Ra2 35. Rb1 h5 36. g3 g5 37. Kg2 Kg6 38. g4 h4 39. Qf5+ Kg7 40. Rb8 Ra1 41. Nxg5 Rxa4 42. Qh7# 1-0


[Site "https://www.chess.com"]

[Event "Titled Tuesday Blitz August 1 Early 2023"]
[White "Thiel, Thomas"]
[Black "Yashmetov, Mikhail"]
[WhiteFideId "4615964"]
[BlackFideId "24198900"]
[WhiteElo "2262"]
[BlackElo "2459"]
[Result "0-1"]
[Round "4"]
[TimeControl "180+1"]
[Date "2023.08.01"]
[WhiteClock "0:01:17"]
[BlackClock "0:01:23"]
[Board "191"]

1. e4 c5 2. Nc3 d6 3. f4 g6 4. Nf3 Bg7 5. Bc4 Nc6 6. O-O e6 7. f5 exf5 8. Qe1 Nge7 9. d3 h6 10. Qg3 Be6 11. Nb5 Ne5 12. Bf4 Bxc4 13. Bxe5 Bxe5 14. Nxe5 Bxb5 15. Nf3 Qd7 16. c4 Bc6 17. Rae1 O-O-O 18. e5 Bxf3 19. Rxf3 Nc6 0-1


[Site "https://www.chess.com"]

[Event "Titled Tuesday Blitz August 1 Early 2023"]
[White "Perske, Thore"]
[Black "Tqebuchava, Zurab"]
[WhiteFideId "12902195"]
[BlackFideId "13601113"]
[WhiteElo "2459"]
[BlackElo "2254"]
[Result "1-0"]
[Round "4"]
[TimeControl "180+1"]
[Date "2023.08.01"]
[WhiteClock "0:00:08"]
[BlackClock "0:00:00"]
[Board "192"]

1. e4 d6 2. d4 Nf6 3. Nc3 Nbd7 4. Nge2 e5 5. g3 Be7 6. Bg2 O-O 7. O-O exd4 8. Nxd4 Re8 9. Re1 Bf8 10. h3 a5 11. a4 Nc5 12. b3 g6 13. Bb2 Bg7 14. Qd2 h5 15. Rad1 Kh7 16. Ndb5 Bd7 17. Ba3 Bxb5 18. Nxb5 Ncxe4 19. Bxe4 Nxe4 20. Qf4 f5 21. c4 b6 22. h4 Qd7 23. Qf3 Re6 24. Bc1 Rae8 25. Kg2 Nf6 26. Rxe6 Rxe6 27. Bg5 Ne4 28. Bf4 Nf6 29. Qb7 Ne8 30. Rd3 Re7 31. Qa8 Qe6 32. Qd5 Qxd5+ 33. cxd5 Rd7 34. Bg5 Nf6 35. Bxf6 Bxf6 36. Re3 Kg7 37. f4 Kf7 38. Kf3 Bd8 39. Ke2 Re7 40. Kd3 Rxe3+ 41. Kxe3 Kf6 42. Kd4 Kf7 43. Kc4 Ke7 44. Nd4 Kf7 45. Kb5 Ke7 46. Kc6 Ke8 47. Ne6 Bf6 48. Kxc7 Bc3 49. Kxb6 Be1 50. Kb5 Bxg3 51. Kxa5 Bxh4 52. Kb6 Bf2+ 53. Kc6 h4 54. Ng5 Be3 55. Nh3 g5 56. fxg5 f4 57. a5 f3 58. a6 f2 59. Nxf2 Bxf2 60. b4 h3 61. b5 h2 62. b6 h1=Q 63. a7 Qc1+ 64. Kb7 Qb2 65. a8=Q+ 1-0


[Site "https://www.chess.com"]

[Event "Titled Tuesday Blitz August 1 Early 2023"]
[White "Daniel_Salinas"]
[Black "Romero Pallares, Daniel"]
[BlackFideId "32025637"]
[WhiteElo "2249"]
[BlackElo "2459"]
[Result "0-1"]
[Round "4"]
[TimeControl "180+1"]
[Date "2023.08.01"]
[WhiteClock "0:00:04"]
[BlackClock "0:00:21"]
[Board "193"]

1. d4 g6 2. c4 Bg7 3. Nf3 d6 4. g3 Nf6 5. Bg2 O-O 6. O-O c6 7. Nc3 Bf5 8. Qb3 Qb6 9. Bf4 Na6 10. Rfe1 Qxb3 11. axb3 Nb4 12. e4 Bg4 13. Rad1 Bxf3 14. Bxf3 Nd7 15. Rd2 Rfd8 16. h4 e5 17. dxe5 dxe5 18. Be3 Nf8 19. Bc5 Rxd2 20. Bxb4 Rxb2 21. Bd6 Rxb3 22. Na4 Ne6 23. Bg4 Rd8 24. Be7 Rd7 25. Bxe6 Rxe7 26. Bh3 Rd3 27. Nc5 Rd8 28. Rb1 b6 29. Nb3 Bf8 30. c5 b5 31. f4 Bg7 32. f5 Rc7 33. Na5 Bf8 34. fxg6 Bxc5+ 35. Kg2 hxg6 36. h5 Kg7 37. hxg6 fxg6 38. Rf1 Bb6 39. Nb3 c5 40. Be6 c4 41. Nc1 b4 0-1


[Site "https://www.chess.com"]

[Event "Titled Tuesday Blitz August 1 Early 2023"]
[White "Fontaine, Quentin"]
[Black "Sankalan Shah"]
[WhiteFideId "230804"]
[BlackFideId "25600362"]
[WhiteElo "2456"]
[BlackElo "2246"]
[Result "1-0"]
[Round "4"]
[TimeControl "180+1"]
[Date "2023.08.01"]
[WhiteClock "0:00:50"]
[BlackClock "0:00:15"]
[Board "194"]

1. Nf3 Nf6 2. g3 e6 3. Bg2 d5 4. O-O Be7 5. d3 O-O 6. Nbd2 b6 7. e4 dxe4 8. dxe4 Bb7 9. Qe2 c5 10. c3 Nc6 11. Re1 Qc7 12. e5 Nd5 13. Nc4 a6 14. Qe4 b5 15. Ne3 Nxe3 16. Qxe3 Na5 17. Qf4 Rad8 18. Qg4 Kh8 19. h4 Nc4 20. b3 Nb6 21. Bg5 Rd3 22. Rac1 Nd5 23. c4 bxc4 24. Rxc4 Nb6 25. Rf4 Nd5 26. Rc4 Nb6 27. Rc2 Rfd8 28. Bxe7 Qxe7 29. Qg5 Qd7 30. Qh5 Qc6 31. Re3 Rxe3 32. fxe3 Rd1+ 33. Kh2 g6 34. Qh6 Qe8 35. Ng5 Bxg2 36. Qxh7# 1-0


[Site "https://www.chess.com"]

[Event "Titled Tuesday Blitz August 1 Early 2023"]
[White "Devaev, Alexander"]
[Black "Atanasov, Radislav"]
[WhiteFideId "4169395"]
[BlackFideId "2901471"]
[WhiteElo "2456"]
[BlackElo "2244"]
[Result "0-1"]
[Round "4"]
[TimeControl "180+1"]
[Date "2023.08.01"]
[WhiteClock "0:00:00"]
[BlackClock "0:00:26"]
[Board "195"]

1. d4 Nf6 2. c4 c5 3. d5 e6 4. Nc3 exd5 5. cxd5 d6 6. e4 g6 7. Nf3 Bg7 8. h3 O-O 9. Bd3 b5 10. Nxb5 Re8 11. O-O Nxe4 12. Qa4 Bd7 13. Re1 f5 14. Qa3 Bxb5 15. Bxb5 Nd7 16. Bc6 Rb8 17. Qxa7 Re7 18. Bf4 Ne5 19. Qa3 Nxc6 20. dxc6 Bxb2 21. Qd3 Bxa1 22. Rxa1 Qe8 23. Qd5+ Qf7 24. Qd1 Rc7 25. Qa4 Qd5 26. Rd1 Qxc6 27. Qc4+ Kg7 28. Ng5 Nxg5 29. Bxg5 Re8 30. Bf4 Qe4 31. Qc3+ Kg8 0-1


[Site "https://www.chess.com"]

[Event "Titled Tuesday Blitz August 1 Early 2023"]
[White "Quirke, Jeffrey"]
[Black "Willy, Stephen"]
[WhiteFideId "2013029"]
[BlackFideId "30981468"]
[WhiteElo "2242"]
[BlackElo "2452"]
[Result "1-0"]
[Round "4"]
[TimeControl "180+1"]
[Date "2023.08.01"]
[WhiteClock "0:00:02"]
[BlackClock "0:00:00"]
[Board "196"]

1. c4 d6 2. g3 e5 3. Bg2 g6 4. Nc3 Bg7 5. Nf3 Nc6 6. O-O g5 7. d3 g4 8. Nd2 h5 9. Rb1 h4 10. Nd5 a5 11. a3 Nge7 12. b4 Ng6 13. b5 Nce7 14. Ne4 Nxd5 15. cxd5 Rh5 16. Bd2 f5 17. Nc3 f4 18. b6 cxb6 19. Qb3 Ra6 20. Ne4 Bf5 21. Rfc1 hxg3 22. hxg3 Bh6 23. Qc2 Ra8 24. Qc7 Bf8 25. Qxd8+ Kxd8 26. Rxb6 Kd7 27. Rxb7+ Kd8 28. Rcc7 Be7 29. Rc6 Rc8 30. Nxd6 Rxc6 31. Nxf5 Rc8 32. Nxe7 Nxe7 33. d6 Nc6 34. gxf4 Nd4 35. fxe5 Nxe2+ 36. Kf1 Nd4 37. Bd5 Nc6 38. e6 1-0


[Site "https://www.chess.com"]

[Event "Titled Tuesday Blitz August 1 Early 2023"]
[White "TomLiu777"]
[Black "Vafin, Ayrat"]
[BlackFideId "4146530"]
[WhiteElo "2451"]
[BlackElo "2232"]
[Result "1-0"]
[Round "4"]
[TimeControl "180+1"]
[Date "2023.08.01"]
[WhiteClock "0:02:13"]
[BlackClock "0:01:22"]
[Board "197"]

1. c4 e6 2. Nc3 d5 3. d4 Be7 4. cxd5 exd5 5. Bf4 c6 6. e3 Bf5 7. Nge2 Nf6 8. Ng3 Bg6 9. h4 h5 10. Bd3 Bxd3 11. Qxd3 g6 12. O-O-O Nbd7 13. e4 dxe4 14. Ngxe4 Nxe4 15. Nxe4 Nf6 16. Nxf6+ Bxf6 17. Qa3 Qd5 18. Rhe1+ Kd7 19. Be5 Bxe5 20. dxe5 1-0


[Site "https://www.chess.com"]

[Event "Titled Tuesday Blitz August 1 Early 2023"]
[White "Ramu, K."]
[Black "Kokoszczynski, Jan"]
[WhiteFideId "5006171"]
[BlackFideId "1174460"]
[WhiteElo "2216"]
[BlackElo "2448"]
[Result "0-1"]
[Round "4"]
[TimeControl "180+1"]
[Date "2023.08.01"]
[WhiteClock "0:00:49"]
[BlackClock "0:01:18"]
[Board "198"]

1. e4 e5 2. f4 Bc5 3. Nf3 d6 4. Bc4 Bg4 5. h3 Bxf3 6. Qxf3 Qh4+ 7. g3 Qe7 8. fxe5 dxe5 9. Rf1 Nf6 10. Nc3 c6 11. g4 h6 12. d3 Nbd7 13. h4 O-O-O 14. Bd2 Rdf8 15. O-O-O Ne8 16. g5 hxg5 17. Bxg5 f6 18. Bd2 Rxh4 19. Rh1 Rfh8 20. Rxh4 Rxh4 21. Rh1 Rxh1+ 22. Qxh1 Nd6 23. Bb3 Kc7 24. Na4 Nb5 25. Nxc5 Nxc5 26. Bb4 Nxb3+ 27. axb3 Qxb4 28. Qh7 Qe1# 0-1


[Site "https://www.chess.com"]

[Event "Titled Tuesday Blitz August 1 Early 2023"]
[White "Rosh Jain"]
[Black "Hrescak, Ivana"]
[WhiteFideId "25789465"]
[BlackFideId "14613441"]
[WhiteElo "2445"]
[BlackElo "2214"]
[Result "1-0"]
[Round "4"]
[TimeControl "180+1"]
[Date "2023.08.01"]
[WhiteClock "0:00:13"]
[BlackClock "0:00:01"]
[Board "199"]

1. e4 e5 2. Nf3 Nc6 3. Bb5 a6 4. Ba4 Bc5 5. O-O Nge7 6. c3 Ng6 7. d4 Ba7 8. Bxc6 dxc6 9. dxe5 Bg4 10. h3 Bxf3 11. Qxf3 Nxe5 12. Qg3 Ng6 13. Be3 Bxe3 14. Qxe3 O-O 15. Na3 Qe7 16. Nc4 Rae8 17. Rfe1 Ne5 18. Nxe5 Qxe5 19. Rad1 Rd8 20. f4 Qh5 21. Rd4 c5 22. Rd2 b6 23. f5 h6 24. Ree2 Rfe8 25. Rxd8 Rxd8 26. Rd2 Rxd2 27. Qxd2 Qh4 28. Qe3 a5 29. e5 Qh5 30. g4 Qh4 31. Kg2 h5 32. Qe4 hxg4 33. hxg4 Qg5 34. e6 Qd2+ 35. Kg3 Qd6+ 36. Kf3 fxe6 37. fxe6 Qf8+ 38. Qf5 Qe7 39. g5 a4 40. g6 b5 41. Qf7+ Qxf7+ 42. exf7+ Kf8 43. Ke4 b4 44. cxb4 cxb4 45. Kd5 b3 46. a3 Ke7 47. Kc4 c5 48. Kxc5 Kf8 49. Kb4 Ke7 50. Kxa4 Kf8 51. Kxb3 1-0


[Site "https://www.chess.com"]

[Event "Titled Tuesday Blitz August 1 Early 2023"]
[White "Avazkhonov, Alikhon"]
[Black "De Souza, Cristiano Gomes"]
[WhiteFideId "14208504"]
[BlackFideId "2151758"]
[WhiteElo "2444"]
[BlackElo "2205"]
[Result "0-1"]
[Round "4"]
[TimeControl "180+1"]
[Date "2023.08.01"]
[WhiteClock "0:00:00"]
[BlackClock "0:00:27"]
[Board "200"]

1. d4 Nf6 2. Nc3 g6 3. e4 d6 4. f3 c6 5. Be3 b5 6. Qd2 b4 7. Nd1 a5 8. Nf2 Bg7 9. g4 h5 10. Be2 Nbd7 11. h4 c5 12. g5 Nh7 13. O-O-O Qc7 14. Kb1 c4 15. c3 Rb8 16. Ka1 Ba6 17. f4 O-O 18. Nf3 Rb7 19. f5 Rfb8 20. Rb1 Nb6 21. e5 dxe5 22. dxe5 Na4 23. f6 Bf8 24. Ne4 Qc6 25. Ng3 exf6 26. Nd4 Qd7 27. gxf6 bxc3 28. bxc3 Rxb1+ 29. Rxb1 Rxb1+ 30. Kxb1 Qh3 31. Nf1 Qxh4 32. Bh6 Nxc3+ 33. Kc2 Ne4 34. Qe3 Nhxf6 35. exf6 Nxf6 36. Bxf8 Kxf8 37. Qa3+ Kg7 38. Qe7 Qxd4 39. Ne3 Ne4 0-1


[Site "https://www.chess.com"]

[Event "Titled Tuesday Blitz August 1 Early 2023"]
[White "Matyukov, Petr"]
[Black "le-castor-faineant"]
[WhiteFideId "4103688"]
[WhiteElo "2444"]
[BlackElo "2192"]
[Result "1/2-1/2"]
[Round "4"]
[TimeControl "180+1"]
[Date "2023.08.01"]
[WhiteClock "0:01:24"]
[BlackClock "0:02:15"]
[Board "201"]

1. d4 Nf6 2. c4 g6 3. h4 Bg7 4. Nc3 O-O 5. h5 Nxh5 6. g4 Nf6 7. g5 Nh5 8. e4 d6 9. f4 Ng3 10. Rh2 Nxf1 11. Kxf1 e5 12. f5 exd4 13. f6 dxc3 14. fxg7 Kxg7 15. bxc3 f5 16. Qd4+ Kg8 17. Qd5+ Kg7 18. Qd4+ Kg8 19. Qd5+ Kg7 20. Qd4+ 1/2-1/2


[Site "https://www.chess.com"]

[Event "Titled Tuesday Blitz August 1 Early 2023"]
[White "Luxama, Jacques Muller"]
[Black "Miszler, Levente"]
[WhiteFideId "11900113"]
[BlackFideId "763276"]
[WhiteElo "2192"]
[BlackElo "2440"]
[Result "1-0"]
[Round "4"]
[TimeControl "180+1"]
[Date "2023.08.01"]
[WhiteClock "0:00:46"]
[BlackClock "0:01:33"]
[Board "202"]

1. e4 c5 2. Nf3 d6 3. Bb5+ Bd7 4. Bxd7+ Nxd7 5. O-O g6 6. c3 Bg7 7. d4 cxd4 8. cxd4 e6 9. Nc3 Ne7 10. Bf4 Nf6 11. Qa4+ Qd7 12. Qb4 Rd8 13. e5 Nfd5 14. Nxd5 Nxd5 15. Qd2 Nxf4 16. Qxf4 O-O 17. Rac1 dxe5 18. dxe5 Qd5 19. b3 Qa5 20. Rc2 Rd5 21. Re1 Rfd8 22. h4 Rd1 23. Rxd1 Rxd1+ 24. Kh2 h6 25. Rc8+ Rd8 26. Rc2 Bf8 27. g3 Qd5 28. Rc7 Rd7 29. Rc8 Kg7 30. Qf6+ Kg8 31. h5 gxh5 32. Qxh6 Rd8 33. Qg5+ Kh7 34. Rxd8 Qxf3 35. Qf6 Qg4 36. Rxf8 1-0


[Site "https://www.chess.com"]

[Event "Titled Tuesday Blitz August 1 Early 2023"]
[White "Butti, Enrique"]
[Black "Zeman, Matyas"]
[WhiteFideId "3700470"]
[BlackFideId "364398"]
[WhiteElo "2178"]
[BlackElo "2439"]
[Result "0-1"]
[Round "4"]
[TimeControl "180+1"]
[Date "2023.08.01"]
[WhiteClock "0:00:33"]
[BlackClock "0:01:20"]
[Board "203"]

1. d4 Nf6 2. Nf3 e6 3. e3 d5 4. Bd3 c5 5. c3 Nc6 6. Nbd2 Bd6 7. O-O O-O 8. Qe2 Qc7 9. dxc5 Bxc5 10. e4 b6 11. e5 Ng4 12. b4 Be7 13. Re1 f6 14. exf6 Bxf6 15. h3 Nge5 16. a3 Nxd3 17. Qxd3 a5 18. b5 Ne7 19. Bb2 e5 20. Qc2 Bf5 21. Qb3 Kh8 22. Rac1 Rad8 23. c4 d4 24. Ne4 Ng6 25. c5 Bxe4 26. Rxe4 bxc5 27. b6 Qb7 28. Qc2 c4 29. Rg4 c3 0-1


[Site "https://www.chess.com"]

[Event "Titled Tuesday Blitz August 1 Early 2023"]
[White "BeautiFullMindChess"]
[Black "Kayis, Gulcan Sena"]
[BlackFideId "34553045"]
[WhiteElo "2176"]
[BlackElo "2431"]
[Result "0-1"]
[Round "4"]
[TimeControl "180+1"]
[Date "2023.08.01"]
[WhiteClock "0:00:00"]
[BlackClock "0:00:32"]
[Board "204"]

1. e4 e6 2. d4 d5 3. exd5 exd5 4. Nf3 Bd6 5. Bd3 Nc6 6. Qe2+ Nge7 7. c3 Bg4 8. h3 Bh5 9. g4 Bg6 10. Bb5 a6 11. Ba4 b5 12. Bb3 O-O 13. Be3 f5 14. gxf5 Rxf5 15. Nh4 Rh5 16. Nxg6 hxg6 17. Nd2 Kh7 18. O-O-O b4 19. c4 dxc4 20. Bxc4 a5 21. Bd3 Nf5 22. Nf3 Kh8 23. h4 Qf6 24. Bg5 Qf8 25. Be4 Re8 26. Qc2 Nce7 27. Rhe1 Qf7 28. Kb1 Rc8 29. Ne5 Bxe5 30. dxe5 Nxh4 31. Bxh4 Rxh4 32. Rh1 Rxh1 33. Rxh1+ Kg8 34. Bd3 Nd5 35. Bc4 c6 36. Ka1 Re8 37. Qe4 Qe6 38. f4 Rd8 39. Rg1 Qf5 40. Qf3 Kf8 41. Qf2 Qxf4 42. Qc5+ Kg8 43. Qxc6 Qd4 0-1


[Site "https://www.chess.com"]

[Event "Titled Tuesday Blitz August 1 Early 2023"]
[White "Vila Dupla, Aurelio"]
[Black "Herman, Daniel"]
[WhiteFideId "2203383"]
[BlackFideId "30935008"]
[WhiteElo "2144"]
[BlackElo "2429"]
[Result "0-1"]
[Round "4"]
[TimeControl "180+1"]
[Date "2023.08.01"]
[WhiteClock "0:00:06"]
[BlackClock "0:00:08"]
[Board "205"]

1. Nf3 Nf6 2. d4 g6 3. g3 Bg7 4. Bg2 O-O 5. O-O d5 6. c4 c6 7. cxd5 cxd5 8. Nc3 Nc6 9. Ne5 Nd7 10. Nxc6 bxc6 11. Na4 e5 12. Be3 e4 13. Rc1 Bb7 14. Qd2 Nb6 15. Nc5 Bc8 16. b3 Qf6 17. Rfd1 Bg4 18. h3 Bc8 19. Bg5 Qd6 20. Bf4 Qd8 21. Bg5 f6 22. Bf4 g5 23. Be3 Bf5 24. Qa5 Bg6 25. Na4 Be8 26. Qb4 f5 27. Qd2 h6 28. Nc3 Qf6 29. f4 exf3 30. exf3 f4 31. gxf4 gxf4 32. Bf2 Bd7 33. Kh2 Kh8 34. Rg1 Rg8 35. Rce1 Rae8 36. Rxe8 Rxe8 37. Bf1 Rg8 38. Ne2 Bf8 39. Rxg8+ Kxg8 40. Qxf4 Bd6 41. Qxd6 Qxd6+ 42. Bg3 Qf6 43. Bg2 Bf5 44. Be5 Qf7 45. Nf4 Nd7 46. Bd6 Nf6 47. Be5 Nh5 48. Ne2 Bd3 49. Nc3 Nf4 50. Bf1 Bxf1 0-1


[Site "https://www.chess.com"]

[Event "Titled Tuesday Blitz August 1 Early 2023"]
[White "Vivas Zamora, Fabian Ernesto"]
[Black "LionKing2367890"]
[WhiteFideId "3902480"]
[WhiteElo "2429"]
[BlackElo "2173"]
[Result "1-0"]
[Round "4"]
[TimeControl "180+1"]
[Date "2023.08.01"]
[WhiteClock "0:00:02"]
[BlackClock "0:00:13"]
[Board "206"]

1. e4 e5 2. Nf3 Nc6 3. Bc4 Bc5 4. c3 Nf6 5. d3 a6 6. O-O O-O 7. h3 Ba7 8. Re1 Re8 9. a4 d5 10. exd5 Nxd5 11. d4 e4 12. Ng5 Bf5 13. Nxf7 Kxf7 14. Qh5+ g6 15. Qxh7+ Ke6 16. g4 Qf6 17. Nd2 Kd6 18. gxf5 gxf5 19. Qh5 Rh8 20. Nxe4+ Ke7 21. Nxf6+ Kxf6 22. Qf3 Rag8+ 23. Kf1 Nde7 24. Bf4 Ng6 25. Re6+ Kg7 26. Rae1 Nh4 27. Qd5 1-0


[Site "https://www.chess.com"]

[Event "Titled Tuesday Blitz August 1 Early 2023"]
[White "Larina, Maria"]
[Black "Rangel, Daniel"]
[WhiteFideId "24113182"]
[BlackFideId "2124475"]
[WhiteElo "2132"]
[BlackElo "2427"]
[Result "0-1"]
[Round "4"]
[TimeControl "180+1"]
[Date "2023.08.01"]
[WhiteClock "0:00:05"]
[BlackClock "0:00:07"]
[Board "207"]

1. e4 c5 2. Nc3 d6 3. d4 cxd4 4. Qxd4 Bd7 5. b3 Nc6 6. Qd2 g6 7. Bb2 Bg7 8. O-O-O Nf6 9. f3 a5 10. a4 h5 11. Nd5 Ne5 12. Nxf6+ Bxf6 13. f4 Ng4 14. Bxf6 Nxf6 15. e5 dxe5 16. fxe5 Ng4 17. e6 fxe6 18. Nf3 Qb6 19. Qxd7+ Kf7 20. Ng5+ Kf6 21. Ne4+ Kf7 22. Bd3 Qe3+ 23. Kb1 Rhe8 24. Rdf1+ Kg8 25. Qxe6+ Kh7 26. Rf7+ Kh6 27. Ng3 Qxe6 28. Rhf1 Rad8 29. h3 Rxd3 30. cxd3 Qxb3+ 31. Ka1 Qa3+ 32. Kb1 Qxd3+ 33. Ka1 Qa3+ 34. Kb1 Qxg3 35. R7f3 Qe5 36. hxg4 hxg4 37. Rf7 Qe4+ 38. Ka1 Qxa4+ 39. Kb1 Qb4+ 40. Ka1 Qd4+ 41. Kb1 Rc8 42. Rh1+ Kg5 43. Rff1 Rc5 0-1


[Site "https://www.chess.com"]

[Event "Titled Tuesday Blitz August 1 Early 2023"]
[White "KorolDimitriy75"]
[Black "Feliz Dotel, Dewar Bienvenido"]
[BlackFideId "6402801"]
[WhiteElo "2427"]
[BlackElo "2124"]
[Result "0-1"]
[Round "4"]
[TimeControl "180+1"]
[Date "2023.08.01"]
[WhiteClock "0:00:12"]
[BlackClock "0:00:15"]
[Board "208"]

1. d4 d5 2. c4 e6 3. Nc3 c5 4. cxd5 exd5 5. Nf3 Nc6 6. g3 Nf6 7. Bg2 Be7 8. O-O O-O 9. dxc5 Bxc5 10. Na4 Be7 11. Be3 Ne4 12. Rc1 h6 13. Nd4 Nxd4 14. Bxd4 Be6 15. Nc5 Nxc5 16. Bxc5 b6 17. Bxe7 Qxe7 18. Qd4 Rac8 19. e3 Qd7 20. Rfd1 Qb5 21. Qd2 Rfd8 22. b3 Qa6 23. h3 Rxc1 24. Rxc1 Rc8 25. Rxc8+ Qxc8 26. Kh2 Qc5 27. Bf3 b5 28. Kg2 b4 29. Qd4 Qxd4 30. exd4 Kf8 31. g4 Ke7 32. Kf1 Kd6 33. Ke2 g5 34. Kd2 f5 35. Be2 Bd7 36. f3 fxg4 37. fxg4 Be8 38. Bd3 a5 39. Ke3 h5 40. Be2 hxg4 41. hxg4 Bg6 42. Bd3 Be8 43. Kf3 Bd7 44. Bc2 Bb5 45. Bf5 a4 46. Ke3 axb3 47. axb3 Bf1 48. Kd2 Bg2 49. Kc2 Be4+ 50. Kd2 Bxf5 51. gxf5 Ke7 52. Ke3 Kf6 53. Kf3 Kxf5 54. Kg3 Ke4 55. Kg4 Kxd4 56. Kxg5 Kc3 57. Kf5 Kxb3 58. Ke5 Kc4 59. Kd6 d4 0-1


[Site "https://www.chess.com"]

[Event "Titled Tuesday Blitz August 1 Early 2023"]
[White "Pershina, Elena"]
[Black "Gyulamiryan-koryun"]
[WhiteFideId "24147516"]
[WhiteElo "2424"]
[BlackElo "2067"]
[Result "0-1"]
[Round "4"]
[TimeControl "180+1"]
[Date "2023.08.01"]
[WhiteClock "0:00:05"]
[BlackClock "0:00:08"]
[Board "209"]

1. c4 Nf6 2. g3 e6 3. Bg2 d5 4. Nf3 c5 5. cxd5 exd5 6. d4 Nc6 7. O-O cxd4 8. Nxd4 Bc5 9. Nxc6 bxc6 10. Qc2 Qe7 11. b4 Bd4 12. Qxc6+ Qd7 13. Qxa8 O-O 14. Rd1 Bxa1 15. Bxd5 Qf5 16. e4 Qf3 17. Rd2 Be5 18. Bxf7+ Kxf7 19. Qxa7+ Kg8 20. Qe3 Qxe3 21. fxe3 Nxe4 22. Rd1 Bg4 23. Re1 Nc3 24. Nd2 Ne2+ 25. Kg2 Bh5 26. Nc4 Bc3 27. Rf1 Nxc1 28. Rxf8+ Kxf8 29. b5 Be8 30. b6 Bc6+ 31. Kh3 Nxa2 32. Nd6 Ke7 33. b7 Bxb7 34. Nxb7 Nb4 35. Nc5 Be5 36. Ne4 Ke6 37. Kg4 h6 38. Kf3 Nd5 39. Nc5+ Kd6 40. Nd3 Bf6 41. e4 Ne7 42. Nf4 Nc6 43. Nd3 Ne5+ 44. Nxe5 Kxe5 45. Ke3 Bg5+ 46. Kf3 h5 47. g4 h4 48. h3 g6 49. Ke2 Kxe4 50. Kf2 Be3+ 51. Kg2 g5 52. Kh1 Bf4 53. Kg2 Ke3 0-1


[Site "https://www.chess.com"]

[Event "Titled Tuesday Blitz August 1 Early 2023"]
[White "Sliwicki, Damian"]
[Black "Preobrazhenska_D2011"]
[WhiteFideId "1127128"]
[WhiteElo "2424"]
[BlackElo "2054"]
[Result "1-0"]
[Round "4"]
[TimeControl "180+1"]
[Date "2023.08.01"]
[WhiteClock "0:00:52"]
[BlackClock "0:00:00"]
[Board "210"]

1. e4 c5 2. Nf3 d6 3. d4 cxd4 4. Qxd4 Nc6 5. Bb5 Bd7 6. Bxc6 Bxc6 7. Nc3 e5 8. Qd3 Nf6 9. Bg5 h6 10. Bh4 Be7 11. O-O-O Qc7 12. Rhg1 g5 13. Bg3 Nh5 14. Nd2 Nxg3 15. hxg3 O-O-O 16. Nc4 Kb8 17. Ne3 Qa5 18. Nf5 Bf8 19. Kb1 Qc5 20. f3 h5 21. Rh1 f6 22. g4 h4 23. g3 h3 24. Qf1 d5 25. exd5 Bxd5 26. Rxh3 Rxh3 27. Qxh3 Bxa2+ 28. Kxa2 Rxd1 29. Nxd1 Qd5+ 30. b3 Qxd1 31. Kb2 Qd8 32. Qh7 a5 33. Qf7 Bb4 34. Qc4 Be1 35. Qb5 Qc7 36. c4 Bb4 37. Ne3 Qe7 38. Nd5 Qh7 39. Nxb4 axb4 40. Qxb4 Qh2+ 41. Ka3 Qxg3 42. Qd6+ Ka7 43. Qxf6 Qe1 44. Qf5 Qa1+ 45. Kb4 Qe1+ 46. Kc5 Qe3+ 47. Kd6 Qd4+ 48. Ke6 Qb6+ 49. Kxe5 Qxb3 50. Kf6 Qe3 51. c5 Ka6 52. Qd5 Qf4+ 53. Kg6 Qc1 54. Qxg5 1-0


[Site "https://www.chess.com"]

[Event "Titled Tuesday Blitz August 1 Early 2023"]
[White "Slayyy_200"]
[Black "Fernandez Garcia, Gumersindo"]
[BlackFideId "24516740"]
[WhiteElo "2049"]
[BlackElo "2423"]
[Result "0-1"]
[Round "4"]
[TimeControl "180+1"]
[Date "2023.08.01"]
[WhiteClock "0:00:07"]
[BlackClock "0:01:17"]
[Board "211"]

1. e4 Nf6 2. e5 Nd5 3. d4 d6 4. c4 Nb6 5. Nf3 g6 6. Nc3 Bg7 7. Bf4 O-O 8. h3 Bf5 9. Be2 Nc6 10. O-O dxe5 11. dxe5 Qxd1 12. Rfxd1 a6 13. Nd5 Nxd5 14. cxd5 Nd8 15. Rac1 c6 16. Bc4 Be4 17. dxc6 Bxf3 18. gxf3 Nxc6 19. Rd7 Bxe5 20. Bxe5 Nxe5 21. Rxb7 Rac8 22. Rxe7 Nxc4 0-1


[Site "https://www.chess.com"]

[Event "Titled Tuesday Blitz August 1 Early 2023"]
[White "Osiecki, Stanislaw"]
[Black "Cheer_Down"]
[WhiteFideId "1102990"]
[WhiteElo "2021"]
[BlackElo "2420"]
[Result "0-1"]
[Round "4"]
[TimeControl "180+1"]
[Date "2023.08.01"]
[WhiteClock "0:00:00"]
[BlackClock "0:00:57"]
[Board "212"]

1. e4 c5 2. c3 Nf6 3. e5 Nd5 4. d4 cxd4 5. Nf3 Nc6 6. cxd4 d6 7. Bc4 dxe5 8. dxe5 Ndb4 9. Qxd8+ Nxd8 10. Bb5+ Ndc6 11. Bxc6+ Nxc6 12. O-O Bg4 13. Bf4 e6 14. Nbd2 O-O-O 15. Rac1 Kb8 16. Ne4 Bxf3 17. gxf3 Nd4 18. Kg2 Ne2 19. Bg5 Nxc1 20. Bxd8 Nd3 21. Ng5 Nxe5 22. f4 h6 23. fxe5 hxg5 24. Bxg5 Bc5 25. Rd1 Rc8 26. Rd7 Rc7 27. Rxc7 Kxc7 28. Bf4 Kc6 29. Kf3 Kd5 30. Bg3 Bd4 31. b3 Bxe5 32. Bh4 f5 33. h3 b5 34. Be7 g6 35. Ke3 a6 36. f4 Bc7 37. Bf6 Bb6+ 38. Kd3 Bc7 0-1


[Site "https://www.chess.com"]

[Event "Titled Tuesday Blitz August 1 Early 2023"]
[White "WindWhistler11"]
[Black "Lohani, Sujana"]
[BlackFideId "12311987"]
[WhiteElo "2419"]
[BlackElo "1947"]
[Result "1-0"]
[Round "4"]
[TimeControl "180+1"]
[Date "2023.08.01"]
[WhiteClock "0:01:00"]
[BlackClock "0:00:00"]
[Board "213"]

1. Nf3 c6 2. c4 d5 3. e3 Nf6 4. Qc2 g6 5. cxd5 cxd5 6. Ne5 Bg7 7. Bb5+ Nbd7 8. f4 O-O 9. Nf3 a6 10. Be2 b5 11. b3 Bb7 12. Bb2 Rc8 13. Qd1 Nc5 14. O-O Nce4 15. b4 Nd6 16. d3 Nf5 17. Qd2 Qb6 18. Nd4 Nd6 19. Nb3 e6 20. Bd4 Qd8 21. Qb2 Nf5 22. Nc5 Rc7 23. Be5 Re7 24. Bxf6 Bxf6 25. Qxf6 Nxe3 26. Nd2 d4 27. Bf3 Bxf3 28. Nxf3 Nc2 29. Rab1 Rfe8 30. Qh4 Qd5 31. Ng5 h5 32. Nge4 Qf5 33. Nd6 Kg7 34. Nxf5+ exf5 35. Rbc1 1-0


[Site "https://www.chess.com"]